 Seeded DCSS version 0.32-a0-918-g0f22ef8d61 (webtiles) character file.

Game seed: 7010630548018866378 (custom seed)

32 innerfire43 the Twirler (level 3, -3/27 HPs)
             Began as a Demonspawn Wanderer on Apr 10, 2024.
             Slain by Crazy Yiuf
             ... wielding a +3 quarterstaff of chaos
              (7 damage)
             ... on level 2 of the Dungeon.
             The game lasted 00:01:41 (1443 turns).

innerfire43 the Twirler (Demonspawn Wanderer)       Turns: 1443, Time: 00:01:42

Health: -3/27      AC:  2    Str: 13    XL:     3   Next: 10%
Magic:  4/4        EV: 10    Int: 13    God:
Gold:   68         SH:  0    Dex: 12    Spells: 3/4 levels left

rFire   . . .        a - +2 quarterstaff
rCold   . . .        (shield currently unavailable)
rNeg    . . .        d - +0 robe
rPois   .            (no helmet)
rElec   .            (no cloak)
rCorr   .            (no gloves)
SInv    .            (no boots)
Will    .....        (no amulet)
Stlth   +            (no ring)
HPRegen 0.24/turn    (no ring)
MPRegen 0.09/turn

%: no passive effects
@: lethally poisoned (-3 -> -8)
A: hooves 2
a: no special abilities


You were on level 2 of the Dungeon.
You visited 1 branch of the dungeon, and saw 2 of its levels.

You collected 68 gold pieces.

Inventory:

Hand Weapons
 a - a +2 quarterstaff (weapon)
 j - a +0 lajatang
Armour
 d - a +0 robe (worn)
Wands
 b - a wand of flame (3)
Scrolls
 c - a scroll of blinking
 i - 2 scrolls of revelation
Potions
 f - a potion of lignification
 g - a potion of mutation {unknown}
 h - a potion of curing {unknown}
 k - a potion of enlightenment {unknown}


   Skills:
 + Level 2.0 Fighting
 + Level 3.1 Staves
 + Level 2.3 Armour
 - Level 1.0 Spellcasting
 - Level 2.1 Necromancy
 - Level 1.0 Evocations


You had 3 spell levels left.
You knew the following spells:

 Your Spells              Type           Power      Damage    Failure   Level
a - Necrotise             Necr           24%        1d5       12%         1

Your spell library contained the following spells:

 Spells                   Type           Power      Damage    Failure   Level
 Vampiric Draining        Necr           6%         2d6       34%         3
 Ignite Poison            Fire/Alch      0%         N/A       95%         4
 Sticky Flame             Fire/Alch      0%         2d4       95%         4
 Ignition                 Fire           0%         3d3       100%        8


Dungeon Overview and Level Annotations

Branches:
Dungeon (2/15)

Altars:

Annotations:
D:2 Crazy Yiuf


Innate Abilities, Weirdness & Mutations

You have hoof-like feet.


Message History

The frilled lizard hisses angrily.
A frilled lizard is nearby!
A frilled lizard is nearby!
The frilled lizard bites you.
A frilled lizard is nearby!
You miss the frilled lizard. The frilled lizard closely misses you.
A frilled lizard is nearby!
You hit the frilled lizard.
You kill the frilled lizard!
Your Fighting skill increases to level 2!
No target in view!
You see here a frilled lizard skeleton.
Crazy Yiuf shouts!
No reachable target in view!
Could not explore, unopened runed door.
No reachable target in view!
Could not explore, unopened runed door.
As you read the scroll of identify, it crumbles to dust.
i - 2 scrolls of revelation Crazy Yiuf whimpers, "Leather sing-song hand!"
Okay, then.
You open the door.
Crazy Yiuf whimpers, "Blight sanguine toodlewoodle!"
The air fills with toxic fumes!
As you read the scroll of poison, it crumbles to dust.
Crazy Yiuf grits, "Proton pontify snockshim!"
Crazy Yiuf hits you with a +3 quarterstaff of chaos!
You are poisoned.
You completely miss Crazy Yiuf.
You feel very sick.
Crazy Yiuf grits, "Line chair tortoise!"
Crazy Yiuf hits you with a +3 quarterstaff of chaos!
You convulse.
* * * LOW HITPOINT WARNING * * *
You hit Crazy Yiuf. You kick Crazy Yiuf.
Crazy Yiuf is moderately wounded.
* * * LOW HITPOINT WARNING * * *
You feel sick.
Crazy Yiuf hits you with a +3 quarterstaff of chaos!
You die...

.#...# #.# #.##.# #.
.##..# #.###
#.##.############.
.##..# #...#
#.##.........#....
.....# #####
############.#.###
.##.## #.#.# .##.#
♣♣♣♣♣####.#.# .##.#
### ♣♣♣§♣..#.##.#.###
###.##
#§§§#♣§§♣......#.#....
.....#####
#§§§g@♣♣♣♣.......####.
####.....# #§§§#♣♣
♣♣.#..#.# #. ##....#
### ♣♣####.# #.
#####....# #.# #.
.......<.# #.# #.
#####....####### #.#
#. ..# #.......÷.^#
#.# #. #.#
###.######.### #.# #.
#.# #.# #.....# #.# #.


You could see Crazy Yiuf.

Vanquished Creatures
  2 dart slugs (D:2)
  A ribbon worm (D:2)
  2 bats (D:1)
  3 endoplasms
  A giant cockroach (D:1)
  2 goblins (D:1)
  4 kobolds
  A quokka (D:2)
  2 ball pythons (D:1)
  5 frilled lizards (D:2)
  3 rats (D:1)
26 creatures vanquished.

Notes
Turn   | Place    | Note
-------+----------+-------------------------------------------
     0 | D:1      | innerfire43 the Demonspawn Wanderer began the quest for the
                  | Orb.
     0 | D:1      | innerfire43 set off with the following items: a +2
                  | quarterstaff, a wand of flame (3), a scroll of blinking, a
                  | +0 robe; and the following spell memorised: Necrotise; and
                  | the following spells available to memorise: Vampiric
                  | Draining.
     0 | D:1      | Reached XP level 1. HP: 15/15 MP: 2/2
   273 | D:1      | Gained mutation: You have large cloven feet. [demonic
                  | ancestry]
   273 | D:1      | Reached XP level 2. HP: 21/21 MP: 3/3
   488 | D:1      | Reached skill level 3 in Staves
  1058 | D:2      | Gained mutation: You have hoof-like feet. [demonic
                  | ancestry]
  1058 | D:2      | Reached XP level 3. HP: 24/27 MP: 4/4
  1224 | D:2      | Found a runed translucent door.
  1225 | D:2      | Noticed Crazy Yiuf
  1443 | D:2      | Slain by Crazy Yiuf

Illustrated notes

Levels and vault maps discovered:
D:1:      lemuel_arrival_behind_the_door_large, layout_loops_ring
D:2:      layout_loops_ring, uniq_crazy_yiuf_cottage

Skill      XL: |  1  2  3 |
---------------+----------+-----
Armour         | 2 |  2.3
Staves         | 3 |  3.1
Fighting       | 2 |  2.0
Spellcasting   | |  1.0
Necromancy     | |  2.1
Evocations     | |  1.0

Action                     || total
---------------------------++-------
  Melee: Quarterstaff      ||    57
         Kick              ||     9
    Use: Scroll            ||     5
   Stab: Sleeping          ||     1
 Armour: Robe              ||    38
  Dodge: Dodged            ||    30

Table legend: (Time is in decaauts)
 A = Elapsed time spent in this place.
 B = Non-inter-level travel time spent in this place.
 C = Inter-level travel time spent in this place.
 D = Time resting spent in this place.
 E = Time spent auto-exploring this place.
 F = Levels seen in this place.
 G = Mean time per level.
                   A        B        C        D        E       F      G
               +--------+--------+--------+--------+--------+-----+--------+
         Total |   1451 |   1414 |     37 |      0 |   1195 |   2 |  725.5 |
       Dungeon |   1451 |   1414 |     37 |      0 |   1195 |   2 |  725.5 |
               +--------+--------+--------+--------+--------+-----+--------+

Top non-repeatable levels by time:
     D:2: 747 daAuts
     D:1: 703 daAuts
